 Dungeon Crawl Stone Soup version 0.30-a0-341-g682706514a (webtiles) character file.

Game seed: 12424502118636932908

163 p00ps00p the Magician (level 5, -2/37 HPs)
             Began as a Djinni Transmuter on Nov 4, 2022.
             Killed from afar by Natasha (9 damage)
             ... with a magic dart
             ... on level 4 of the Dungeon.
             The game lasted 00:08:08 (3206 turns).

p00ps00p the Magician (Djinni Transmuter)           Turns: 3206, Time: 00:08:10

Health: -2/37      AC:  2    Str:  9    XL:     5   Next: 73%
Gold:   127        EV: 16    Int: 17    God:
                   SH:  0    Dex: 13

rFire   + + .      SeeInvis .    f - +3 spear (flame)
rCold   x . .      Faith    .    (no shield)
rNeg    . . .      Spirit   .    a - +0 robe
rPois   ∞          Reflect  .    (helmet currently unavailable)
rElec   .          Harm     .    (no cloak)
rCorr   .          Rampage  .    (no gloves)
Will    .....                    (boots unavailable)
Stlth   +.........               (no amulet)
HPRegen 0.26/turn                o - +4 ring of evasion
MPRegen 0.00/turn                (no ring)

@: appendages, flying
A: horns 2, flying, sickness immunity, fire resistance 2, cold vulnerability 1,
float, innate caster, HP casting, extra vitality 1
a: End Transformation


You were on level 4 of the Dungeon.
You had temporarily grown beastly horns.
You visited 1 branch of the dungeon, and saw 4 of its levels.

You collected 127 gold pieces.

Inventory:

Hand Weapons
 b - a +0 war axe
 f - a +3 spear of flaming (weapon)
Armour
 a - a +0 robe (worn)
 d - a +0 helmet (melded)
Jewellery
 k - an amulet of magic regeneration
 o - a +4 ring of evasion (left hand)
 q - a ring of resist corrosion
Scrolls
 c - 2 scrolls of identify
 e - a scroll of silence
 l - a scroll of magic mapping
 m - a scroll of blinking
Potions
 g - a potion of lignification
 h - a potion of ambrosia
 i - a potion of heal wounds
 j - 2 potions of magic
 n - a potion of curing {unknown}
 p - 2 potions of might


   Skills:
 - Level 1.0 Fighting
 - Level 2.1 Dodging
 - Level 3.0 Unarmed Combat
 + Level 4.2 Spellcasting


You couldn't memorise any spells.
You knew the following spells:

 Your Spells              Type           Power      Damage    Failure   Level
a - Beastly Appendage     Tmut           34%        N/A       2%          1
b - Wereblood             Tmut           17%        N/A       4%          2
c - Spider Form           Tmut/Pois      17%        N/A       9%          3
d - Ice Form              Ice/Tmut       17%        N/A       26%         4
e - Kiss of Death         Conj/Necr      68%        2d10      2%          1
f - Blink                 Tloc           34%        N/A       4%          2
Your spell library was empty.

Dungeon Overview and Level Annotations

Branches:
Dungeon (4/15)
 Temple: D:4-7

Altars:
Okawaru

Shops:
D:1 ?

Annotations:
D:4 Natasha


Innate Abilities, Weirdness & Mutations

You have temporarily grown beastly horns.
You are flying.
You are immune to sickness and miasma.
You are immune to poison.
Your flesh is very heat resistant. (rF++)
You are vulnerable to cold. (rC-)
You float through the air rather than walking.
You learn spells naturally, not from books.
Your magical power is your life essence.
You have superior vitality. (+4 MHP)


Message History

You are too injured to fight recklessly!
You are too injured to fight recklessly!
You are too injured to fight recklessly!
You are too injured to fight recklessly!
You are too injured to fight recklessly!
You are too injured to fight recklessly!
You are too injured to fight recklessly!
You are too injured to fight recklessly!
You are too injured to fight recklessly!
You are too injured to fight recklessly!
You are too injured to fight recklessly!
You are too injured to fight recklessly!
You are too injured to fight recklessly!
You are too injured to fight recklessly!
You are too injured to fight recklessly!
You are too injured to fight recklessly!
You are too injured to fight recklessly!
You are too injured to fight recklessly!
You are too injured to fight recklessly!
You are too injured to fight recklessly!
You are too injured to fight recklessly!
You are too injured to fight recklessly!
You are too injured to fight recklessly!
You are too injured to fight recklessly!
You are too injured to fight recklessly!
You are too injured to fight recklessly!
You are too injured to fight recklessly!
You are too injured to fight recklessly!
You are too injured to fight recklessly!
You are too injured to fight recklessly!
You are too injured to fight recklessly!
There are monsters nearby!
Casting: Beastly Appendage (safe; 2% risk of failure)
Confirm with . or Enter, or press ? or * to list all spells.
You grow a pair of large bovine horns.
Your +0 helmet melds into your body.
The scorpion stings you.
* * * LOW HITPOINT WARNING * * *
Natasha stares at you and mumbles some strange words.
The magic dart hits you!
You die...

#....#.#####
#≈......≈#.....|.....
#≈..§≈..§#....#.#####
#≈.§..≈.≈#....#.#
#≈.≈[(≈§≈#....#.#
#§..≈≈.§≈##...#.#
#≈..5s..§##.....#
#≈≈≈hs≈≈≈##..####
##@'# #...#
#...#####.##
#.........#
#.######### ##


You could see 2 scorpions, Natasha and a shadow imp (summoned).

Vanquished Creatures
  An orc wizard (D:3)
  3 adders
  2 worms
  2 dart slugs
  6 orcs (D:3)
  6 endoplasms
  5 giant cockroaches
  5 goblins
  12 hobgoblins
  4 jackals (D:1)
  4 quokkas
  8 ball pythons
  11 bats
  5 frilled lizards
  8 kobolds
  9 rats
91 creatures vanquished.

Notes
Turn   | Place    | Note
-------+----------+-------------------------------------------
     0 | D:1      | p00ps00p the Djinni Transmuter began the quest for the Orb.
     0 | D:1      | p00ps00p set off with the following spells memorised:
                  | Beastly Appendage, Wereblood, Spider Form, Ice Form.
     0 | D:1      | Reached XP level 1. HP: 17/17 MP: 0/0
   163 | D:1      | Reached skill level 2 in Spellcasting
   163 | D:1      | Reached XP level 2. HP: 14/22 MP: 0/0
   285 | D:1      | Reached XP level 3. HP: 8/27 MP: 0/0
   285 | D:1      | Learned a level 1 spell: Kiss of Death
   632 | D:1      | Found Hiobausu's Magic Scroll Boutique.
   937 | D:1      | Reached skill level 3 in Spellcasting
  1061 | D:2      | Reached XP level 4. HP: 22/32 MP: 0/0
  2545 | D:3      | Reached XP level 5. HP: 33/37 MP: 0/0
  2545 | D:3      | Learned a level 2 spell: Blink
  2780 | D:3      | Reached skill level 4 in Spellcasting
  2837 | D:3      | Found an iron altar of Okawaru.
  3200 | D:4      | Noticed Natasha
  3206 | D:4      | Killed from afar by Natasha

Illustrated notes

Levels and vault maps discovered:
D:1:      dpeg_arrival_stone_temple_mockup, layout_basic, serial_shops, shop,
          minmay_pentomino_w4
D:2:      layout_rooms, kennysheep_generic_room_5
D:3:      layout_loops_cross, okawaru_trees_1
D:4:      layout_basic, amethyst_overflow_temple_binary,
          minmay_temple_entry_drinking_statues, dreamdust_princess_bridge,
          kennysheep_generic_room_7, uniq_edmund, uniq_natasha

Skill      XL: |  1  2  3  4  5 |
---------------+----------------+-----
Spellcasting   | 2 3 4 |  4.2
Fighting       | |  1.0
Dodging        | |  2.1
Unarmed Combat | |  3.0

Action                   |  1- 3 |  4- 6 || total
-------------------------+-------+-------++-------
Melee: Unarmed           |    61 |       ||    61
       Headbutt          |    15 |    16 ||    31
       Punch             |     3 |     2 ||     5
       Spear             |    56 |   147 ||   203
 Cast: Beastly Appendage |    21 |    29 ||    50
  Use: Potion            |     1 |     1 ||     2
       Scroll            |       |    10 ||    10
 Stab: Sleeping          |     3 |     2 ||     5
Armor: Robe              |    20 |    15 ||    35
       Skin              |    18 |       ||    18
Dodge: Dodged            |    89 |    62 ||   151

Table legend: (Time is in decaauts)
 A = Elapsed time spent in this place.
 B = Non-inter-level travel time spent in this place.
 C = Inter-level travel time spent in this place.
 D = Time resting spent in this place.
 E = Time spent auto-exploring this place.
 F = Levels seen in this place.
 G = Mean time per level.
                   A        B        C        D        E       F      G
               +--------+--------+--------+--------+--------+-----+--------+
         Total |   3220 |   3196 |     24 |    888 |   1679 |   4 |  805.0 |
       Dungeon |   3220 |   3196 |     24 |    888 |   1679 |   4 |  805.0 |
               +--------+--------+--------+--------+--------+-----+--------+

Top non-repeatable levels by time:
     D:2: 1397 daAuts
     D:1: 1049 daAuts
     D:3: 691 daAuts
     D:4: 81 daAuts
